Unix NetHack Version 5.0.0-0 post-release - last build May  4 2026 22:22:43 (774f63e81ad911689b3a0859ea89b322d5daca8d,branch:main).

Game began 2026-05-09 10:34:09, ended 2026-05-09 14:04:26.

246786432, neutral female human Archeologist

     #                            ------------              #
  ---.---     ------     --       |..........|              #           -----
  |.`...|  ###-....       -#######...........|##########################....|
  |(....| ##  |...        |    ###|..........|              #           |...|
  |.....r@#   | .              #  ----------.-              #           |...|
  -----.-       --    -.-      #       ###  #               #           --|--
      ##               ##      #        #####               #             #
      #                 #      #  #    ########################           #
      #                 ##     # ####################-------.---          #
     ##     #            #     # #-.---              |.........-#         #
  ---.------.----        #     # #|...|              |.........|##        #
  |....^........|        #     # #|...|              |.........| ##  #  --.--
  |...........<^|        #     # #|...|              |.........|  #  ###-...|
  |.............-######)##########|...|             #|.........| #####  |...|
  |.........(...|          #  #   |>..|##############..........| # #####|...|
  |.............|       ---|--#   |...-#            #-----------##     #-...|
  ---------------       |....|#   -----             ##############     #-----
                        |.....#                                        #
                        ------                                         #

246786432 the Field Worker  St:14 Dx:10 Co:10 In:17 Wi:16 Ch:8  Neutral
Dlvl:2  $:134 HP:0(30) Pw:21(21) AC:9  Xp:4 T:2128 

Latest messages:
 You miss the fog cloud.
 The garter snake bites!
 You miss the garter snake.
 You hit the garter snake.
 You hit the garter snake.
 You kill the garter snake!
 You miss the giant rat.
 The giant rat bites!
 You hit the giant rat.
 You miss the giant rat.
 The giant rat just misses!
 You miss the giant rat.
 The giant rat bites!
 You hit the giant rat.
 The giant rat bites!
 You miss the giant rat.
 You hit the giant rat.
 The giant rat bites!
 You kill the giant rat!
 You see here a giant rat corpse.
 C - a giant rat corpse.
 The garter snake bites!
 The garter snake bites!
 You hit the gecko.
 You kill the gecko!
 The garter snake bites!
 You see here a gecko corpse.
 The garter snake bites!
 Are you waiting to get hit?  Use 'm' prefix to force a no-op (to rest).
 What do you want to wield? [- equw or ?*] ?
 e - a +0 pick-axe (weapon in right hand).
 You hit the garter snake.
 The garter snake bites!
 You kill the garter snake!
 You see here a garter snake corpse.
 D - a garter snake corpse.
 You see here a gecko corpse.
 E - a gecko corpse.
 What do you want to eat? [dnxC-E or ?*] ?
 This food really hits the spot!
 You stop eating the food ration.
 The giant rat bites!
 You hit the giant rat.
 The giant rat bites!
 You die...
 Do you want your possessions identified? [ynq] (y) y
 Do you want to see your attributes? [ynq] (y) y
 Do you want an account of creatures vanquished? [ynaq] (y) y
 Do you want to see your conduct and achievements? [ynq] (y) y
 Do you want to see the dungeon overview? [ynq] (y) y

Inventory:
 Coins    ('$')
  $ - 134 gold pieces
 Amulets  ('"')
  y - an uncursed amulet of change
 Weapons  (')')
  w - 4 +0 darts
  u - a +0 dagger
  q - a +0 orcish dagger
 Armor    ('[')
  c - an uncursed +0 fedora (being worn)
  p - a blessed rusty +1 orcish helm
  b - an uncursed +0 leather jacket (being worn)
 Comestibles  ('%')
  n - an uncursed candy bar labeled "Om-nom"
  d - 3 uncursed food rations
  x - an uncursed partly eaten food ration
  F - an uncursed partly eaten food ration
  D - an uncursed garter snake corpse
  E - an uncursed gecko corpse
  C - an uncursed giant rat corpse
 Potions  ('!')
  i - an uncursed potion of fruit juice
 Rings    ('=')
  s - an uncursed +4 ring of gain constitution
  v - an uncursed -1 ring of increase accuracy
  A - an uncursed ring of stealth
 Tools    ('(')
  h - an empty uncursed sack
  k - an uncursed leash
  e - a +0 pick-axe (weapon in right hand)
  f - a tinning kit (0:87)
 Gems/Stones  ('*')
  o - an uncursed worthless piece of black glass
  j - an uncursed worthless piece of red glass
  g - an uncursed touchstone

246786432 the Archeologist's attributes:

Background:
 You were a Field Worker, a level 4 female human Archeologist.
 You were neutral, nominally on a mission for Camaxtli
 who was opposed by Quetzalcoatl (lawful) and Huhetotl (chaotic).
 You were right-handed.
 You were in the Dungeons of Doom, on level 2.
 You entered the dungeon 2128 turns ago.
 You had 115 experience points, 45 more were needed to attain level 5.

Basics:
 You had 0 out of 30 hit points.
 You had all 21 energy points (spell power).
 Your armor class was 9.
 Your wallet contained 134 zorkmids.
 Autopickup was off.

Final Characteristics:
 Your strength was 14 (peak:15, limit:18/100).
 Your dexterity was 10 (limit:18).
 Your constitution was 10 (limit:18).
 Your intelligence was 17 (limit:18).
 Your wisdom was 16 (limit:18).
 Your charisma was 8 (limit:18).

Final Status:
 You weren't hungry.
 You were unencumbered.
 You were wielding a pick-axe.
 You had basic skill with pick-axe.

Final Attributes:
 You were piously aligned.
 You had automatic searching.
 You were lucky.
 You are dead.

Miscellaneous:
 You didn't encounter any bones levels.
 Total elapsed playing time was 30 minutes and 54 seconds.

Major events:
 Turn
    1: 246786432 the neutral female human Archeologist entered the dungeon
  889: attained the rank of Field Worker (level 3)
 2128: killed by a giant rat

You didn't know any spells.

Skills:
 Fighting Skills
   bare handed combat [Unskilled]
   two weapon combat  [Unskilled]
   riding             [Unskilled]
 Weapon Skills
   dagger             [Unskilled]
   knife              [Unskilled]
   pick-axe           [Basic]
   short sword        [Unskilled]
   saber              [Unskilled]
   club               [Unskilled]
   quarterstaff       [Unskilled]
   sling              [Unskilled]
   dart               [Unskilled]
   boomerang          [Unskilled]
   whip               [Basic]
   unicorn horn       [Unskilled]
 Spellcasting Skills
   attack spells      [Unskilled]
   healing spells     [Unskilled]
   divination spells  [Unskilled]
   matter spells      [Unskilled]

Voluntary challenges:
 Character rerolling was not enabled.
 You were an atheist.
 You were illiterate.
 You never genocided any monsters.
 You never polymorphed an object.
 You never changed form.
 You used no wishes.
Achievement:
 You attained the rank of Field Worker.

 The Dungeons of Doom: levels 1 to 4
    Level 1:
       Some fountains.
    Level 2: <- You were here.
       Final resting place for
          you, killed by a giant rat.
    Level 3:
       A fountain.
    Level 4:


Vanquished creatures:
  a kobold leader
 an iguana
  2 coyotes
  a gas spore
  a hobbit
  2 large kobolds
  a giant rat
  2 cave spiders
  a yellow mold
  a green mold
  2 garter snakes
  7 geckos
  4 jackals
  a fox
  5 goblins
  2 sewer rats
  2 grid bugs
  6 lichens
  6 newts
48 creatures vanquished.

No species were genocided or became extinct.

Game over:
                       ----------
                      /          \
                     /    REST    \
                    /      IN      \
                   /     PEACE      \
                  /                  \
                  |    246786432     |
                  |      134 Au      |
                  |   killed by a    |
                  |    giant rat     |
                  |                  |
                  |                  |
                  |       2026       |
                 *|     *  *  *      | *
        _________)/\\_//(\/(/\)/\//\/|_)_______

Goodbye 246786432 the Archeologist...

You died in The Dungeons of Doom on dungeon level 2 with 731 points,
and 134 pieces of gold, after 2128 moves.
You were level 4 with a maximum of 30 hit points when you died.

